 Dungeon Crawl Stone Soup version 0.24.0-2-g5b39cebb1c (webtiles) character file.

Game seed: 7523607726660763981, levelgen mode: deterministic

61 Arum the Skirmisher (level 3, -4/45 HPs)
             Began as a Demonspawn Monk on Oct 31, 2019.
             Slain by a worm (7 damage)
             ... on level 3 of the Dungeon.
             The game lasted 00:02:02 (1658 turns).

Arum the Skirmisher (Demonspawn Monk)               Turns: 1658, Time: 00:02:03

Health: -4/45      AC:  7    Str: 17    XL:     3   Next: 83%
Magic:  3/3        EV: 12    Int: 11    God:
Gold:   102        SH:  0    Dex: 15    Spells: 2/2 levels left

rFire    . . .     SeeInvis .     - Unarmed
rCold    . . .     Gourm    .   (no shield)
rNeg     . . .     Faith    .   m - +0 ring mail
rPois    .         Spirit   .   (no helmet)
rElec    .         Reflect  .   (no cloak)
rCorr    .         Harm     .   (no gloves)
MR       .....                  (no boots)
Stlth    ..........             c - amulet of rage
HPRegen  0.15/turn              (no ring)
MPRegen  0.08/turn              (no ring)

@: berserking (expiring), very quick
A: yellow scales 1, nightstalker 1
a: Evoke Berserk Rage


You were on level 3 of the Dungeon.
You were very hungry.

You visited 1 branch of the dungeon, and saw 3 of its levels.

You collected 102 gold pieces.

Inventory:

Armour
 m - a +0 ring mail (worn)
Jewellery
 c - an amulet of rage (around neck)
Scrolls
 d - 2 scrolls of remove curse {unknown}
 h - 4 scrolls of teleportation {unknown}
 j - a scroll of random uselessness {unknown}
 l - 2 scrolls of identify {unknown}
 n - a scroll of fog {unknown}
 o - a scroll of enchant weapon {unknown}
Potions
 e - a potion of invisibility {unknown}
 f - 2 potions of curing {unknown}
 g - 3 potions of degeneration {unknown}
 i - 2 potions of might {unknown}
 k - a potion of resistance {unknown}
Comestibles
 a - 2 chunks of flesh
 b - 3 rations


   Skills:
 + Level 3.6 Fighting
 + Level 3.3 Dodging
 - Level 1.7 Stealth
 + Level 3.3 Unarmed Combat


You had 2 spell levels left.
You didn't know any spells.
Your spell library was empty.

Dungeon Overview and Level Annotations

Branches:
Dungeon (3/15)

Altars:
Ashenzari
The Shining One

Portals:
Sewer: D:3

Annotations:
D:1 1 runed translucent door


Innate Abilities, Weirdness & Mutations

You are partially covered in yellow scales. (AC +2)
You are slightly more attuned to the shadows.


Message History

Your ring mail prevents you from hitting the river rat.
The river rat is severely wounded.
The bat closely misses you.
You punch the river rat!
You kill the river rat!
The bat barely misses you.
You closely miss the bat. The bat closely misses you.
The bat hits you but does no damage.
You miss the bat. The bat closely misses you. The bat closely misses you.
The worm barely misses you.
You see here 3 scrolls labeled SEH COONETIMUA.
You punch the worm!
The worm is moderately wounded.
The bat barely misses you.
You hit the worm.
The worm is severely wounded.
The bat hits you.
* * * LOW HITPOINT WARNING * * *
The bat barely misses you. The worm bites you!
You die...

##..####.## #### #..
#..# ...# ###.# ##.##
#.###...## #...
####........## ###.
#............######..
#..........#.........
#...†......#####.....
.######@b##########....#
.......w...# #..........
##≈≈≈≈≈##.# ..###...###
#≈≈≈≈≈# ... #....#
.≈≈.....≈≈ .##.....###
.≈≈.≈...≈≈..r.....#
.≈≈[.∩..≈≈.....###
.≈≈...≈.≈≈≈.##.
.≈≈...≈.≈≈...


You could see a worm and a bat.

Vanquished Creatures
  A river rat (D:3)
  An adder (D:2)
  A worm (D:2)
  4 dart slugs
  2 giant cockroaches (D:1)
  A goblin (D:1)
  5 hobgoblins
  4 jackals (D:2)
  A ball python (D:3)
  A bat (D:1)
  2 frilled lizards
  5 kobolds
  5 rats
33 creatures vanquished.

Notes
Turn   | Place    | Note
-------+----------+-------------------------------------------
     0 | D:1      | Arum the Demonspawn Monk began the quest for the Orb.
     0 | D:1      | Reached XP level 1. HP: 18/18 MP: 1/1
     1 | D:1      | Found a runed translucent door.
   293 | D:1      | Gained mutation: You are partially covered in yellow
                  | scales. (AC +2) [demonic ancestry]
   293 | D:1      | Reached XP level 2. HP: 24/24 MP: 2/2
  1007 | D:2      | Gained mutation: You are slightly more attuned to the
                  | shadows. [demonic ancestry]
  1007 | D:2      | Reached XP level 3. HP: 27/29 MP: 3/3
  1253 | D:2      | Found a glowing golden altar of the Shining One.
  1299 | D:2      | Found a shattered altar of Ashenzari.
  1629 | D:3      | Found a glowing drain.
  1658 | D:3      | Slain by a worm

Levels and vault maps discovered:
D:1:      dpeg_arrival_caged_fury, layout_rooms, hangedman_decor_peaks_small
D:2:      layout_basic, tso_metal_star, ashenzari_altar_1
D:3:      layout_rooms, marbit_many_paths, gammafunk_temple_overflow_pools,
          cheibrodos_sewer_entry_sluice, minmay_quadrilaterals

Skill      XL: |  1  2 |
---------------+-------+-----
Dodging        | 3 |  3.3
Unarmed Combat | 3 |  3.3
Fighting       | |  3.6
Stealth        | |  1.7

Action                   || total
-------------------------++-------
Melee: Unarmed           ||   153
       Punch             ||     1
 Abil: Evoke Berserk Rag ||     1
 Stab: Sleeping          ||     8
  Eat: Chunk             ||     2
Armor: Robe              ||    13
       Ring mail         ||    25
Dodge: Dodged            ||    94
